 Dungeon Crawl Stone Soup version 0.22-a0-354-g30dfbe6 (webtiles) character file.

3584 torrenera the Carver (level 10, -12/70 HPs)
             Began as a Human Fighter on Apr 16, 2018.
             Was a Priest of Okawaru.
             Mangled by a two-headed ogre
             ... wielding a +0 giant spiked club
              (15 damage)
             ... on level 8 of the Dungeon.
             The game lasted 00:17:30 (10081 turns).

torrenera the Carver (Human Fighter)               Turns: 10081, Time: 00:17:30

Health: -12/70     AC: 13    Str: 19    XL:     10   Next: 31%
Magic:  10/10      EV:  5    Int:  9    God:    Okawaru [***...]
Gold:   332        SH:  9    Dex: 10    Spells: 9/9 levels left

rFire    x . .     SeeInvis .   G - +1 falchion (elec)
rCold    + . .     Gourm    .   c - +0 shield
rNeg     . . .     Faith    .   B - +0 chain mail
rPois    .         Spirit   .   h - +0 helmet
rElec    .         Reflect  .   y - +0 cloak
rCorr    .         Harm     .   z - +0 pair of gloves
MR       .....                  N - +0 pair of boots
Stlth    ..........             g - amulet of rage
HPRegen  0.21/turn              k - -3 ring of dexterity (curse)
MPRegen  0.12/turn              x - ring of ice

@: no status effects
A: no striking features
a: Heroism, Renounce Religion, Evoke Berserk Rage


You were on level 8 of the Dungeon.
You worshipped Okawaru.
Okawaru was most pleased with you.
You were not hungry.

You visited 1 branch of the dungeon, and saw 8 of its levels.

You collected 422 gold pieces.
You spent 90 gold pieces at shops.

Inventory:

Hand Weapons
 a - a +0 hunting sling
 G - a +1 falchion of electrocution (weapon)
Missiles
 n - 48 sling bullets
 p - 188 stones
 s - 6 poisoned tomahawks (quivered)
 u - 82 poisoned needles
 C - 15 tomahawks
 P - 4 needles of sleeping
Armour
 c - a +0 shield (worn)
 h - a +0 helmet (worn)
 o - a scarf of cloud immunity
 y - a +0 cloak (worn)
 z - a +0 pair of gloves (worn)
 B - a +0 chain mail (worn)
 H - a +2 ring mail of cold resistance
 N - a +0 pair of boots (worn)
Jewellery
 g - an amulet of rage (around neck)
 k - a cursed -3 ring of dexterity (left hand)
 x - a ring of ice (right hand)
 F - an uncursed ring of protection from fire {unknown}
 M - a cursed ring of teleportation {unknown}
 Q - an uncursed amulet of regeneration {unknown}
Wands
 d - a wand of random effects (33)
 K - a wand of digging (13)
Scrolls
 i - a scroll of enchant weapon {unknown}
 j - 5 scrolls of remove curse {unknown}
 m - 2 scrolls of blinking {unknown}
 q - 2 scrolls of fog {unknown}
 t - 6 scrolls of amnesia {unknown}
 v - 6 scrolls of identify {unknown}
 w - a scroll of teleportation {unknown}
 D - a scroll of fear {unknown}
 E - a scroll of noise {unknown}
 O - a scroll of magic mapping {unknown}
Potions
 b - 2 potions of flight {unknown}
 e - a potion of degeneration {unknown}
 l - a potion of magic
 r - 4 potions of curing
 A - a potion of agility
 I - 2 potions of heal wounds {unknown}
 J - 2 potions of experience {unknown}
 R - a potion of mutation {unknown}
 S - 2 potions of haste {unknown}
Comestibles
 f - 6 rations
 L - a chunk of flesh


   Skills:
 - Level 3.0 Fighting
 + Level 13.5 Long Blades
 - Level 3.0 Armour
 - Level 3.8 Shields


You had 9 spell levels left.
You didn't know any spells.

Dungeon Overview and Level Annotations

Branches:
Dungeon (8/15)             Temple (0/1) D:5
   Lair: D:8-11

Altars:
Dithmenos
Fedhas
Kikubaaqudgha
Okawaru
Wu Jian
Xom
Yredelemnul
Zin
The Shining One

Shops:
D:4 [%

Annotations:
D:4 VDreamerV's ghost, amateur FoTm


Message History

You slash the two-headed ogre!
The two-headed ogre is lightly wounded.
You hit the two-headed ogre.
The two-headed ogre is lightly wounded.
The two-headed ogre hits you with a giant spiked club!!
The two-headed ogre hits you with a giant club.
* * * LOW HITPOINT WARNING * * *
You hit the two-headed ogre but do no damage.
Lightning courses through the two-headed ogre!
The two-headed ogre is moderately wounded.
You hit the two-headed ogre.
The two-headed ogre is heavily wounded.
The two-headed ogre hits you with a giant spiked club!
* * * LOW HITPOINT WARNING * * *
The two-headed ogre hits you but does no damage.
You closely miss the two-headed ogre.
The two-headed ogre is moderately wounded.
You block the two-headed ogre's attack.
The two-headed ogre hits you with a giant club!
You die...

#.......# #.......
#.......# #>.....>
##......# #.......
##...#.# ##...... ###
#####.### ##...... ....
#...# #..##### .....
###.####.## # ......#####
#.##...# #
.......aO@####.##.########
......###.................
..... ###.........######
.... #.........# ...
#.........# .. ###########
#


You could see a two-headed ogre and a worker ant.

Vanquished Creatures
  A deep elf mage (D:6)
  Grinder (D:4)
  Sigmund (D:2)
  Grum (D:8)
  Eustachio (D:5)
  A water moccasin (D:5)
  A phantom (D:8)
  An orc warrior (D:6)
  A sky beast (D:6)
  A black bear (D:7)
  A centaur (D:8)
  4 wolves (D:8)
  3 ogres
  A bullfrog (D:3)
  Blork the orc (D:6)
  A scorpion (D:8)
  A wight (D:8)
  A howler monkey (D:5)
  6 crimson imps
  A bullfrog skeleton (D:5)
  7 hounds
  A jelly (D:5)
  5 orc wizards
  Crazy Yiuf (D:2)
  2 iguanas
  Terence (D:2)
  6 worker ants
  12 adders
  3 shadow imps
  2 adder skeletons
  8 worms
  2 dart slugs
  3 leopard geckos
  21 orcs
  3 giant cockroaches
  14 goblins
  8 hobgoblins
  17 jackals
  11 kobolds
  2 quokkas
  4 ball pythons
  7 bats
  9 frilled lizards
  2 leopard gecko zombies (D:5)
  7 rats
188 creatures vanquished.

Notes
Turn   | Place    | Note
-------+----------+-------------------------------------------
     0 | D:1      | torrenera the Human Fighter began the quest for the Orb.
     0 | D:1      | Reached XP level 1. HP: 18/18 MP: 1/1
   240 | D:1      | Reached XP level 2. HP: 24/24 MP: 2/2
   945 | D:1      | Reached XP level 3. HP: 29/29 MP: 3/3
  1010 | D:2      | Reached skill level 3 in Long Blades
  1079 | D:2      | Reached XP level 4. HP: 20/35 MP: 4/4
  1212 | D:2      | Found a faded altar of an unknown god.
  1911 | D:2      | Noticed Terence
  1924 | D:2      | Reached skill level 4 in Long Blades
  1924 | D:2      | Reached XP level 5. HP: 31/41 MP: 5/5
  1933 | D:2      | Killed Terence
  2081 | D:2      | Noticed Sigmund
  2096 | D:2      | Killed Sigmund
  2096 | D:2      | Reached skill level 6 in Long Blades
  2096 | D:2      | Reached XP level 6. HP: 35/47 MP: 6/6
  2419 | D:2      | Found an iron altar of Okawaru.
  2427 | D:2      | Became a worshipper of Warmaster Okawaru
  2434 | D:2      | Found a blossoming altar of Fedhas.
  2630 | D:2      | Found a runed door.
  2670 | D:2      | Noticed Crazy Yiuf
  2678 | D:2      | Killed Crazy Yiuf
  2929 | D:3      | Found a shadowy altar of Dithmenos.
  2984 | D:3      | Reached XP level 7. HP: 46/52 MP: 7/7
  3043 | D:3      | Found an ancient bone altar of Kikubaaqudgha.
  3181 | D:3      | Reached skill level 7 in Long Blades
  3726 | D:4      | Noticed Grinder
  4086 | D:4      | Noticed VDreamerV's ghost (amateur FoTm)
  4536 | D:4      | Found Zin's Purification Station.
  4538 | D:4      | Found Harphiff's Food Shoppe.
  4540 | D:4      | Found a glowing silver altar of Zin.
  4543 | D:4      | Bought a potion of curing for 90 gold pieces
  4561 | D:4      | Found an ornate altar of the Wu Jian Council.
  4647 | D:4      | Found Kowarru's Armour Emporium.
  5313 | D:5      | Entered Level 5 of the Dungeon
  5618 | D:4      | Reached skill level 8 in Long Blades
  5711 | D:5      | Noticed Eustachio
  5770 | D:5      | Reached XP level 8. HP: 58/58 MP: 8/8
  6470 | D:5      | Found a staircase to the Ecumenical Temple.
  6480 | D:5      | Found a shimmering altar of Xom.
  6554 | D:4      | Killed Grinder
  6554 | D:4      | Reached * piety under Okawaru
  6554 | D:4      | Reached skill level 9 in Long Blades
  7067 | D:5      | Reached skill level 10 in Long Blades
  7406 | D:5      | Killed Eustachio
  7406 | D:5      | Reached XP level 9. HP: 47/63 MP: 9/9
  7618 | D:6      | Found a basalt altar of Yredelemnul.
  7709 | D:6      | Noticed Blork the orc
  7717 | D:6      | Reached ** piety under Okawaru
  7754 | D:5      | Reached skill level 11 in Long Blades
  8508 | D:6      | Killed Blork the orc
  8571 | D:6      | Found a glowing golden altar of the Shining One.
  8708 | D:6      | Noticed a deep elf mage
  8715 | D:6      | HP: 2/63 [deep elf mage/long sword (2)]
  8723 | D:6      | Killed a deep elf mage
  8723 | D:6      | Reached skill level 12 in Long Blades
  9635 | D:8      | Noticed Grum
  9636 | D:8      | Reached *** piety under Okawaru
  9645 | D:8      | Reached XP level 10. HP: 64/70 MP: 7/10
  9652 | D:8      | Killed Grum
  9744 | D:8      | Reached skill level 13 in Long Blades
 10061 | D:8      | Noticed a two-headed ogre
 10080 | D:8      | HP: 3/70 [two-headed ogre/giant spiked club (17)]
 10081 | D:8      | Mangled by a two-headed ogre

Vault maps used:
D:1:      giann_bridges, minmay_pentomino_w4
D:2:      amethyst_overflow_temple_binary, chequers_ecumenical_altar_twisty,
          first_ration, minmay_vboxes, uniq_crazy_yiuf_cottage, uniq_sigmund,
          uniq_terence
D:3:      old_standard_altar, kiku_gazebo_pond_becter
D:4:      zin_purify, old_standard_altar, serial_shops, shop_fountains,
          kennysheep_mini, uniq_grinder
D:5:      led_xom_imps, minmay_temple_entry_from_below_b, uniq_eustachio
D:6:      old_standard_altar, tso_altar, guppyfry_early_elven_hall,
          uniq_blork_the_orc
D:8:      uniq_grum

Skill      XL: |  1  2  3  4  5  6  7  8  9 10 |
---------------+-------------------------------+-----
Long Blades    | 3 4 6 8 10 12 13 | 13.5
Fighting       | |  3.0
Armour         | |  3.0
Shields        | |  3.8

Action                   |  1- 3 |  4- 6 |  7- 9 | 10-12 || total
-------------------------+-------+-------+-------+-------++-------
Melee: Long sword        |    99 |   159 |   349 |       ||   607
       Falchion          |       |       |   186 |   109 ||   295
 Fire: Hunting sling     |     3 |       |       |       ||     3
Throw: Tomahawk          |       |       |     3 |       ||     3
Invok: Heroism           |       |       |     3 |     1 ||     4
 Abil: Evoke Berserk Rag |       |       |       |     1 ||     1
Evoke: Wand              |       |       |     1 |       ||     1
  Use: Potion            |     5 |     1 |     6 |       ||    12
  Eat: Chunk             |     1 |     6 |    18 |     3 ||    28
       Ration            |       |       |     1 |       ||     1
Armor: Scale mail        |    54 |    51 |    36 |       ||   141
       Skin              |    18 |       |    10 |       ||    28
       Chain mail        |       |       |   275 |    55 ||   330
Dodge: Dodged            |    33 |    30 |    80 |    14 ||   157
Block: Shield            |    72 |    86 |   220 |    49 ||   427
       Rpst.: Long sword |    13 |     8 |    27 |       ||    48
       Falchion          |       |       |     5 |     6 ||    11

Table legend:
 A = Spawn XP
 B = Non-spawn XP
 C = Spawn XP percentage of total XP
 D = Spawn monster count
 E = Non-spawn monster count
 F = Spawn count percentage of total count
 G = Total turns spent on level
                    A         B        C        D         E        F      G
               +---------+---------+-------+---------+---------+-------+---------
         Total |       0 |    5121 |   0.0 |       0 |     188 |   0.0 | 10081
               +---------+---------+-------+---------+---------+-------+---------
           D:1 |       0 |      30 |   0.0 |       0 |      22 |   0.0 |   965
           D:2 |       0 |     450 |   0.0 |       0 |      34 |   0.0 |  1769
           D:3 |       0 |     184 |   0.0 |       0 |      27 |   0.0 |  1691
           D:4 |       0 |     688 |   0.0 |       0 |      26 |   0.0 |  2013
           D:5 |       0 |     913 |   0.0 |       0 |      26 |   0.0 |  1286
           D:6 |       0 |    1162 |   0.0 |       0 |      16 |   0.0 |  1290
           D:7 |       0 |     186 |   0.0 |       0 |       8 |   0.0 |   584
           D:8 |       0 |    1508 |   0.0 |       0 |      29 |   0.0 |   483
               +---------+---------+-------+---------+---------+-------+---------
